 Dungeon Crawl Stone Soup version 0.29.0-13-gc9e81de378 (webtiles) character file.

Game seed: 2517352308829613273

30 NinjaNoafa the Grave Robber (level 3, -5/19 HPs)
             Began as a Deep Elf Necromancer on Sept 9, 2022.
             Slain by Crazy Yiuf
             ... wielding a +2 quarterstaff of chaos
              (11 damage)
             ... on level 2 of the Dungeon.
             The game lasted 00:03:25 (1319 turns).

NinjaNoafa the Grave Robber (Deep Elf Necromancer)  Turns: 1319, Time: 00:03:25

Health: -5/19      AC:  5    Str:  5    XL:     3   Next: 5%
Magic:  5/9        EV: 11    Int: 21    God:
Gold:   29         SH:  0    Dex: 15    Spells: 7/8 levels left

rFire   + . .      SeeInvis .   n - staff of fire
rCold   + . .      Faith    .   (no shield)
rNeg    . . .      Spirit   .   i - +1 leather armour {rC+}
rPois   .          Reflect  .   (no helmet)
rElec   .          Harm     .   (no cloak)
rCorr   .          Rampage  .   l - +0 pair of gloves
Will    .....                   (no boots)
Stlth   ++........              (no amulet)
HPRegen 0.06/turn               (no ring)
MPRegen 0.11/turn               (no ring)

@: no status effects
A: no striking features
a: no special abilities


You were on level 2 of the Dungeon.
You visited 1 branch of the dungeon, and saw 2 of its levels.

You collected 29 gold pieces.

Inventory:

Missiles
 g - 28 stones
 p - a throwing net
Armour
 i - a +1 leather armour of cold resistance (worn)
 l - a +0 pair of gloves (worn)
Magical Staves
 n - a staff of fire (weapon)
Scrolls
 d - a scroll of amnesia {unknown}
 f - a scroll of teleportation {unknown}
 h - a scroll of immolation {unknown}
 j - a scroll of vulnerability {unknown}
 k - 2 scrolls of identify {unknown}
Potions
 b - a potion of magic
 c - a potion of heal wounds {unknown}
 e - 2 potions of degeneration {unknown}
 m - a potion of berserk rage {unknown}
 o - 2 potions of mutation {unknown}
 q - a potion of flight {unknown}
 r - a potion of might {unknown}


   Skills:
 - Level 2.4 Dodging
 - Level 2.4 Stealth
 - Level 3.0 Spellcasting
 + Level 6.1 Necromancy


You had 7 spell levels left.
You knew the following spells:

 Your Spells              Type           Power      Damage    Failure   Level
a - Necrotise             Necr           100%       1d9       1%          1

Your spell library contained the following spells:

 Spells                   Type           Power      Damage    Failure   Level
 Vampiric Draining        Necr           28%        2d8       5%          3
 Animate Dead             Necr           28%        N/A       19%         4
 Agony                    Necr           28%        N/A       45%         5


Dungeon Overview and Level Annotations

Branches:
Dungeon (2/15)

Altars:

Annotations:
D:2 Crazy Yiuf


Message History

Found a stone staircase leading down.
r - a sapphire potion
Found an escape hatch in the floor.
o - 2 bubbling black potions (gained 1)
A kobold comes into view. It is wielding a +0 club.
The kobold shouts!
The kobold writhes in agony!
You kill the kobold!
You swap places.
You see here a +0 club.
g - 24 stones (gained 8)
You swap places.
Your kobold skeleton crumbles into dust!
You now have 29 gold pieces (gained 8).
You see here a +0 war axe.
k - 2 scrolls labelled HARUTUU MUFAMP (gained 1)
g - 28 stones (gained 4)
You see here a +0 war axe.
Found a hammer.
Found a runed translucent door.
Crazy Yiuf shouts!
You can't see any susceptible monsters within range! (Use Z to cast anyway.)
You open the door.
Crazy Yiuf writhes in agony.
Crazy Yiuf says, "Paint turtle arm!"
Crazy Yiuf hits you with a +2 quarterstaff of chaos.
Crazy Yiuf barely resists.
Crazy Yiuf barely misses you.
Crazy Yiuf barely resists.
Crazy Yiuf cries, "Scoff testudinal tortoise!"
Crazy Yiuf closely misses you.
Okay, then.
It was a potion of curing.
You feel better. Crazy Yiuf closely misses you.
Crazy Yiuf attacks as you move away!
Crazy Yiuf hits you with a +2 quarterstaff of chaos.
Crazy Yiuf barely resists.
Crazy Yiuf hits you with a +2 quarterstaff of chaos!
You are too injured to fight recklessly!
Crazy Yiuf attacks as you move away!
Crazy Yiuf hits you with a +2 quarterstaff of chaos!
Ouch! That really hurt!
You die...

## ##. ### ####..
#.####....#
#.......... ###
♣♣##..#.......
#)..#♣♣
♣♣..#.########.
#...'.♣♣♣♣......# ##.
#...#♣g@♣.......###
#.. ###
♣♣♣.♣...#....####.#
♣♣♣♣♣##..#......#
#...####..#
############..###...#
#.........##..#......
#.........##....###..
#.........)...).....#
#.........####.######


You could see Crazy Yiuf.

Vanquished Creatures
  A gnoll (D:1)
  2 dart slugs
  An endoplasm (D:1)
  4 goblins (D:1)
  2 hobgoblins (D:1)
  A quokka (D:1)
  2 frilled lizards (D:2)
  2 kobolds
  2 rats (D:2)
17 creatures vanquished.

Notes
Turn   | Place    | Note
-------+----------+-------------------------------------------
     0 | D:1      | NinjaNoafa the Deep Elf Necromancer began the quest for the
                  | Orb.
     0 | D:1      | Reached XP level 1. HP: 10/10 MP: 6/6
   157 | D:1      | Reached skill level 5 in Necromancy
   311 | D:1      | Reached XP level 2. HP: 15/15 MP: 4/8
   524 | D:1      | Found a faded altar of an unknown god.
  1064 | D:2      | Reached skill level 6 in Necromancy
  1128 | D:2      | Reached XP level 3. HP: 19/19 MP: 7/9
  1307 | D:2      | Found a runed translucent door.
  1308 | D:2      | Noticed Crazy Yiuf
  1319 | D:2      | Slain by Crazy Yiuf

Illustrated notes

Levels and vault maps discovered:
D:1:      minmay_arrival_hallway, layout_basic,
          shapermc_ecumenical_altar_notcrosses, dk_noncrumbling_3
D:2:      layout_rooms, uniq_crazy_yiuf_cottage, uniq_sigmund

Skill      XL: |  1  2 |
---------------+-------+-----
Necromancy     | 5 6 |  6.1
Dodging        | |  2.4
Stealth        | |  2.4
Spellcasting   | |  3.0

Action                   || total
-------------------------++-------
Melee: Dagger            ||     6
       Short sword       ||     2
 Cast: Necrotise         ||    35
  Use: Potion            ||     1
 Stab: Distracted        ||     1
Dodge: Dodged            ||    10
